 Dungeon Crawl Stone Soup version 0.30-a0-123-g91d0c66ccf (webtiles) character file.

Game seed: 3847255316605968054

115868 jlumianski the Skirmisher (level 16, -2/100 HPs)
             Began as a Gargoyle Gladiator on Sept 17, 2022.
             Was a High Priest of Qazlal.
             Killed by divine providence
             ... invoked by Saint Roka
              (18 damage)
             ... on level 3 of the Snake Pit.
             The game lasted 02:10:24 (26167 turns).

jlumianski the Skirmisher (Gargoyle Gladiator)     Turns: 26167, Time: 02:10:25

Health: -2/100     AC: 42    Str: 35    XL:     16   Next: 69%
Magic:  4/24       EV: 13    Int: 16    God:    Qazlal [*****.]
Gold:   779        SH: 20    Dex: 23    Spells: 24/26 levels left

rFire   + . .      SeeInvis .    Y - +7 broad axe (flame)
rCold   . . .      Faith    .    N - +0 buckler of Quilyxuff {rC- rCorr Str+3 Slay+5}
rNeg    + . .      Spirit   .    s - +7 chain mail of Loerhig {Harm}
rPois   ∞          Reflect  +    S - +1 helmet "Poenabis" {Dex+3}
rElec   +          Harm     +    A - scarf {rC+ rF+}
rCorr   +          Rampage  .    W - +1 pair of gloves {Dex+3}
Will    +....                    H - +2 pair of boots
Stlth   ..........               w - amulet of reflection
HPRegen 0.26/turn                Z - +6 ring of strength
MPRegen 0.19/turn                V - ring "Botwuthru" {Str+6 Int+5 Dex+4}

@: protected from physical damage, on blink cooldown, flying, studying
Evocations, repel missiles
A: sickness immunity, AC +12, big wings, negative energy resistance 1,
electricity resistance, torment resistance 1, petrification resistance, clumsy 1
a: Renounce Religion, Upheaval, Elemental Force, Disaster Area


You were on level 3 of the Snake Pit.
You worshipped Qazlal.
Qazlal was extremely pleased with you.
You visited 5 branches of the dungeon, and saw 26 of its levels.
You also visited: Ice Cave.

You collected 3318 gold pieces.
You spent 2539 gold pieces at shops.

Inventory:

Hand Weapons
 Y - a +7 broad axe of flaming (weapon)
Missiles
 d - 7 throwing nets
 e - a javelin
 u - 47 poisoned darts (quivered)
 C - 9 curare-tipped darts
 I - 2 atropa-tipped darts
 P - a boomerang of dispersal
Armour
 s - the +7 chain mail of Loerhig (worn) {Harm}
   (You found it on level 11 of the Dungeon)

   Harm:      It increases damage dealt and taken.
 A - a scarf of resistance (worn)
 H - a +2 pair of boots (worn)
 N - the +0 buckler of Quilyxuff (worn) {rC- rCorr Str+3 Slay+5}
   (You acquired it on level 7 of the Dungeon)

   Str:       It affects your strength (+3).
   Slay:      It affects your accuracy & damage with ranged weapons and melee
   (+5).
   rC:        It makes you vulnerable to cold.
   rCorr:     It protects you from acid and corrosion.
 S - the +1 helmet "Poenabis" (worn) {Dex+3}
   (You found it on level 5 of the Lair of Beasts)

   Dex:       It affects your dexterity (+3).
 W - a +1 pair of gloves of dexterity (worn)
 X - a scarf of invisibility
Jewellery
 j - a ring of protection from cold
 w - an amulet of reflection (around neck)
 M - a ring of willpower
 O - a ring of fire
 V - the ring "Botwuthru" (right hand) {Str+6 Int+5 Dex+4}
   (You bought it in a shop on level 2 of the Orcish Mines)

   [ring of strength]

   Str:       It affects your strength (+6).
   Int:       It affects your intelligence (+5).
   Dex:       It affects your dexterity (+4).
 Z - a +6 ring of strength (left hand)
Wands
 r - a wand of digging (14)
 E - a wand of roots (10)
 F - a wand of paralysis (28)
 U - a wand of mindburst (7)
Scrolls
 a - a scroll of fog
 f - 4 scrolls of poison
 g - 5 scrolls of teleportation
 l - 7 scrolls of blinking
 m - a scroll of summoning
 D - a scroll of magic mapping
 G - 2 scrolls of fear
 J - 5 scrolls of identify
 Q - 2 scrolls of silence
Potions
 b - a potion of ambrosia
 h - 13 potions of curing
 k - 5 potions of heal wounds
 q - 4 potions of cancellation
 x - 2 potions of resistance
 K - 8 potions of haste
 T - 5 potions of might
Miscellaneous
 v - a phial of floods


   Skills:
 + Level 11.6 Fighting
 - Level 2.5 Short Blades
 * Level 9.9 Axes
 - Level 14.0 Ranged Weapons
 + Level 2.0 Throwing
 + Level 10.5 Armour
 + Level 5.0 Dodging
 - Level 1.0 Stealth
 + Level 9.9 Shields
 - Level 5.8 Spellcasting
 - Level 5.6 Translocations
 * Level 11.5 Invocations
 * Level 11.3 Evocations


You had 24 spell levels left.
You knew the following spells:

 Your Spells              Type           Power      Damage    Failure   Level
a - Blink                 Tloc           44%        N/A       9%          2

Your spell library contained the following spells:

 Spells                   Type           Power      Damage    Failure   Level
 Apportation              Tloc           44%        N/A       5%          1
 Gell's Gravitas          Tloc           22%        N/A       16%         3
 Lesser Beckoning         Tloc           22%        N/A       16%         3
 Teleport Other           Tloc           22%        N/A       16%         3
 Manifold Assault         Tloc           22%        N/A       47%         4
 Sting                    Tmut/Pois      16%        1d3       50%         1
 Ensorcelled Hibernation  Hex/Ice        8%         N/A       63%         2
 Poisonous Vapours        Pois/Air       8%         N/A       63%         2
 Searing Ray              Conj           8%         2d4       63%         2
 Static Discharge         Conj/Air       8%         2-3/arc   63%         2
 Dazzling Flash           Conj/Hex       8%         N/A       86%         3
 Ozocubu's Armour         Ice            4%         N/A       86%         3
 Spider Form              Tmut/Pois      4%         N/A       86%         3
 Swiftness                Air            4%         N/A       86%         3
 Airstrike                Air            2%         2d(1-17)  99%         4
 Anguish                  Hex/Necr       2%         N/A       99%         4
 Fulminant Prism          Conj/Hex       2%         3d6       99%         4
 Olgreb's Toxic Radiance  Pois           4%         N/A       99%         4
 Petrify                  Tmut/Erth      4%         N/A       99%         4
 Agony                    Necr           4%         N/A       100%        5
 Alistair's Intoxication  Tmut/Pois      2%         N/A       100%        5
 Fireball                 Conj/Fire      2%         3d4       100%        5
 Metabolic Englaciation   Hex/Ice        2%         N/A       100%        5
 Silence                  Hex/Air        2%         N/A       100%        5
 Summon Mana Viper        Hex/Summ       4%         N/A       100%        5
 Yara's Violent Unravell  Hex/Tmut       2%         3d3       100%        5
 Dispersal                Tloc           11%        N/A       100%        6
 Simulacrum               Ice/Necr       2%         N/A       100%        6
 Starburst                Conj/Fire      2%         6d3       100%        6
 Ozocubu's Refrigeration  Ice            2%         4d7       100%        7
 Storm Form               Tmut/Air       2%         N/A       100%        7


Dungeon Overview and Level Annotations

Branches:
Dungeon (15/15)            Temple (1/1) D:6            Lair (5/5) D:8
 Shoals (0/4) Lair:3        Snake (3/4) Lair:3        Slime (0/5) Lair:5
    Orc (2/2) D:11            Elf (0/3) Orc:2        Vaults (0/5) D:14
 Depths (0/4) D:15          IceCv (visited)

Altars:
Ashenzari
Elyvilon
Gozag
Kikubaaqudgha
Makhleb
Nemelex Xobeh
Okawaru
Qazlal
Ru
Sif Muna
Trog
Uskayaw
Vehumet
Wu Jian
Xom
Yredelemnul
The Shining One
Jiyva

Shops:
D:5 *[?:=   D:6 ?*   D:10 *   D:14 *[([   Orc:2 ![=?

Portals:
Trove: D:11 (give 6 scrolls of blinking)

Annotations:
D:12 exclusion: 2 orange crystal statues
Snake:3 Saint Roka


Innate Abilities, Weirdness & Mutations

You are immune to sickness and miasma.
Your stone body is resilient. (AC +12)
You are immune to poison.
Your large and strong wings let you fly.
You resist negative energy. (rN+)
You are resistant to electric shocks. (rElec)
You are resistant to unholy torment.
You are immune to petrification.
You are clumsy. (Dex -2)


Message History

You hear a shout!
The naga sharpshooter no longer looks unusually toxic.
The shock serpent is engulfed in blazing flames.
You block the shock serpent's attack.
The shock serpent's electric aura discharges, shocking you!
You resist. You block the naga's attack. The naga constricts you.
The naga sharpshooter spits poison at you.
The splash of poison is repelled.
The splash of poison hits the troll.
The troll is poisoned.
The troll bites you but does no damage. The troll closely misses you.
You block the troll's attack. The mana viper bites you.
You feel your power leaking away.
Casting: Blink (safe; 9% risk of failure)
Confirm with . or Enter, or press ? or * to list all spells.
You escape the naga's grasp.
You blink.
The shock serpent is engulfed in blazing flames.
The shock serpent's electric aura discharges, shocking you!
You resist.
The orc is engulfed in blazing flames.
You kill the orc!
Qazlal accepts your kill.
Saint Roka mumbles some strange prayers to Beogh against you.
Beogh smites you!
Saint Roka invokes the aid of Beogh against you.
Beogh smites you!
* * * LOW HITPOINT WARNING * * *
There is a stone staircase leading down here.
Activating: Elemental Force (0% risk of failure)
Press: ? - help, Dir - look around, f - activate Clouds arounds you coalesce and take form!
You block the shock serpent's attack.
The mana viper attacks as you move away!
You block the mana viper's attack.
The shock serpent attacks as you move away!
You block the shock serpent's attack.
The shock serpent is engulfed in blazing flames.
The shock serpent's electric aura discharges, shocking you!
You resist.
Saint Roka mumbles some strange prayers to Beogh against you.
Beogh smites you!
You die...

*,,,,,,,,,* *,,,,,,,,,*
*,,,^,,,,,* *,,,,,,,,,*
*****,******* ######### ****
****,,,,,* #.......# **,,,
,,*,,***** #E.N...<# **,,,,
,,,,*****#########.o.....# *,,,,,
,,,,,,,,,.....).@SS.)....#**,>,,,
,,*******#########To......#*,,,,,
,,* #..E.N...#**,,,, ,,*
#..E......NN,,,< ***
*#.......#.#..,,< *****
*#........#....,,,
*,,,******#..#########...,,,
*,,,**,,,,..#* *,..,,,
*,,,*,,****** **,*,,,


You could see Saint Roka, a shock serpent, a mana viper (ally target), a troll
(poisoned), 2 nagas, an orc (strong), a friendly water elemental (summoned) and
a friendly fire elemental (summoned).

Vanquished Creatures
  Nikola (Lair:3)
  Louise (D:14)
  2 orc warlords
  A stone giant (D:15)
  2 ettins
  Josephine (D:14)
  2 hydras
  An ice dragon (Lair:5)
  Harold (Lair:2)
  An ogre mage (Orc:2)
  4 boulder beetles
  The ghost of Newt the Basher, a journeyman DsGl of Hepliaklqana (D:10)
  3 centaur warriors
  A catoblepas (D:12)
  3 anacondas
  6 two-headed ogres
  2 tengu warriors (D:13)
  Nergalle (Orc:2)
  A naga sharpshooter (Snake:1)
  Sonja (D:13)
  An anaconda zombie (Snake:1)
  2 bog bodies (IceCv)
  5 orc knights
  A lindwurm (Lair:5)
  4 deep elf pyromancers
  2 mana vipers
  9 orc sorcerers
  2 necromancers (D:14)
  An oklob plant (Lair:4)
  21 ugly things
  2 salamanders
  6 cyclopes
  A manticore (D:12)
  Maurice (D:11)
  A salamander (shapeshifter) (D:14)
  9 black mambas
  4 naga magi
  A merfolk siren (Lair:3)
  15 elephants
  A guardian serpent (shapeshifter) (D:15)
  3 gargoyles
  2 centaur skeletons (D:10)
  5 torpor snails (Lair:5)
  11 cane toads
  2 unseen horrors
  An ice statue (IceCv)
  A rime drake (Lair:5)
  A freezing wraith (D:14)
  Maggie (D:7)
  A kobold demonologist (D:12)
  An efreet (D:15)
  An anaconda simulacrum (IceCv)
  13 komodo dragons
  A yaktaur (D:12)
  A tengu conjurer (D:15)
  11 polar bears
  An unseen horror skeleton (D:10)
  4 tyrant leeches (Lair:5)
  8 trolls
  3 merfolk (Lair:3)
  7 hornets
  10 blink frogs
  A raiju (Lair:5)
  14 slime creatures
  5 dream sheep (Lair:5)
  4 water elementals (D:14)
  5 shadows
  A vampire (D:10)
  A dire elephant simulacrum (IceCv)
  6 basilisks
  5 wraiths
  2 wyverns
  30 yaks
  A golden eye (shapeshifter) (D:15)
  3 death yak simulacra (IceCv)
  3 steam dragons
  A vampire mosquito (D:12)
  A harpy simulacrum (IceCv)
  9 nagas
  8 wargs
  An acid dragon (D:8)
  3 hydra simulacra (IceCv)
  An acid dragon (shapeshifter) (D:14)
  16 hell hounds (Lair:5)
  8 water moccasins
  2 ice beasts
  33 orc warriors
  A sky beast (D:8)
  11 black bears (Lair:5)
  9 ogres
  3 boggarts (D:15)
  25 wolves
  5 centaurs
  2 kobold brigands (D:9)
  2 necrophages
  11 bullfrogs
  A gnoll sergeant (D:8)
  2 scorpions
  2 cane toad simulacra (IceCv)
  5 two-headed ogre simulacra (IceCv)
  17 wights
  3 killer bees (D:10)
  A howler monkey (D:10)
  4 electric eels
  5 hounds
  15 orc priests
  2 jellies (D:6)
  A gnoll bouda (D:4)
  5 iguanas
  46 orc wizards
  3 polar bear simulacra (IceCv)
  5 troll simulacra (IceCv)
  6 spriggan simulacra (IceCv)
  A wolf simulacrum (IceCv)
  A spectral howler monkey (D:10)
  A howler monkey zombie (D:10)
  8 gnolls
  4 adders
  6 naga simulacra (IceCv)
  A shadow imp (D:7)
  10 white imps
  4 ufetubi (IceCv)
  2 dart slugs
  83 orcs
  A bat (D:1)
  11 endoplasms
  2 giant cockroaches
  4 hobgoblins
  8 jackals (D:3)
  12 kobolds
  5 quokkas
  4 ball pythons
  3 frilled lizards
  6 goblins
  8 rats
  4 butterflies (Lair:5)
759 creatures vanquished.

Vanquished Creatures (collateral kills)
  Jorgrun (Snake:1)
  Snorg (D:11)
  A hydra (Lair:5)
  A boulder beetle (D:12)
  A shock serpent (Lair:3)
  2 black mambas
  2 elephants (Lair:5)
  A naga mage (Snake:1)
  A tengu conjurer (D:13)
  A troll (Orc:1)
  2 dream sheep (Lair:5)
  A warg (Orc:2)
  A naga (Snake:1)
  2 orc warriors (Orc:2)
  An ogre (Orc:2)
  3 orc wizards (Orc:2)
  9 orcs
31 creatures vanquished.

Vanquished Creatures (others)
  A naga sharpshooter (Snake:1)
  A manticore (D:12)
  An orc wizard (D:12)
  An orc (D:12)
  18 fungi
  43 plants
65 creatures vanquished.

Grand Total: 855 creatures vanquished

Notes
Turn   | Place    | Note
-------+----------+-------------------------------------------
     0 | D:1      | jlumianski the Gargoyle Gladiator began the quest for the
                  | Orb.
     0 | D:1      | Reached XP level 1. HP: 12/12 MP: 1/1
    91 | D:1      | Found a faded altar of an unknown god.
   118 | D:1      | Got Plato's Spellbook of Filth
   159 | D:1      | Reached XP level 2. HP: 17/17 MP: 2/2
   839 | D:3      | Reached XP level 3. HP: 19/21 MP: 3/3
   908 | D:3      | Found an iron altar of Okawaru.
  1971 | D:3      | Identified the +11 sling of Righteous Fury {freeze, Contam
                  | rPois rC+}
  1984 | D:3      | Reached XP level 4. HP: 27/27 MP: 4/4
  2029 | D:3      | Reached skill level 1 in Armour
  2126 | D:5      | Entered Level 5 of the Dungeon
  2136 | D:4      | Reached XP level 5. HP: 31/31 MP: 5/5
  2168 | D:5      | Reached skill level 1 in Ranged Weapons
  2168 | D:5      | Reached XP level 6. HP: 36/36 MP: 6/6
  2186 | D:6      | Reached skill level 2 in Ranged Weapons
  2625 | D:3      | Found a hide-covered altar of Uskayaw.
  2748 | D:4      | Reached skill level 3 in Ranged Weapons
  2919 | D:4      | Found a shimmering blue altar of Sif Muna.
  3262 | D:5      | Found Ivoradu's Jewellery Shop.
  3284 | D:5      | Found Jigooh Amemo's Book Shoppe.
  3301 | D:5      | Reached XP level 7. HP: 36/41 MP: 7/7
  3385 | D:5      | Found Gumaongo's Magic Scroll Emporium.
  3388 | D:5      | Found Dien Qya's Antique Armour Shop.
  3393 | D:5      | Bought a scroll of identify for 22 gold pieces
  3447 | D:5      | Found an opulent altar of Gozag.
  3527 | D:5      | Reached skill level 4 in Ranged Weapons
  3550 | D:5      | Found Kadounk's General Store.
  3559 | D:5      | Bought a scroll of identify for 24 gold pieces
  3559 | D:5      | Bought a scroll of identify for 24 gold pieces
  3756 | D:5      | Reached skill level 5 in Ranged Weapons
  3958 | D:6      | Found Jifungis's Assorted Antiques.
  3979 | D:6      | Found a staircase to the Ecumenical Temple.
  3984 | D:6      | Reached XP level 8. HP: 47/48 MP: 8/8
  3997 | Temple   | Entered the Ecumenical Temple
  4021 | Temple   | Became a worshipper of Qazlal Stormbringer
  4110 | D:6      | Reached skill level 6 in Ranged Weapons
  4139 | D:6      | You fall into a shaft and drop 2 floors!
  4169 | D:10     | Entered Level 10 of the Dungeon
  4269 | D:7      | Noticed Maggie
  4278 | D:7      | Killed Maggie
  4279 | D:7      | Reached skill level 7 in Ranged Weapons
  4415 | D:6      | Found Esefaown's Magic Scroll Shoppe.
  4423 | D:6      | Bought a scroll of magic mapping for 97 gold pieces
  4423 | D:6      | Bought a scroll of identify for 26 gold pieces
  4423 | D:6      | Bought a scroll of identify for 26 gold pieces
  4423 | D:6      | Bought a scroll of identify for 26 gold pieces
  4574 | D:7      | Reached XP level 9. HP: 52/52 MP: 9/9
  4612 | D:6      | Reached skill level 8 in Ranged Weapons
  4987 | D:6      | Reached skill level 5 in Armour
  5303 | D:7      | Reached skill level 1 in Invocations
  5499 | D:7      | Identified a scroll of acquirement
  5500 | D:7      | Acquired the +0 buckler of Quilyxuff {rC- rCorr Str+3
                  | Slay+5}
  5536 | D:7      | Reached * piety under Qazlal
  5537 | D:7      | Reached skill level 5 in Fighting
  5537 | D:7      | Reached skill level 1 in Evocations
  5652 | D:8      | Noticed a komodo dragon
  5653 | D:8      | Found a staircase to the Lair.
  5667 | D:8      | Reached skill level 9 in Ranged Weapons
  5667 | D:8      | Killed a komodo dragon
  5743 | D:8      | Found a bloodstained altar of Trog.
  5797 | D:8      | Reached XP level 10. HP: 59/59 MP: 11/11
  6001 | D:8      | Reached skill level 10 in Ranged Weapons
  6001 | D:8      | Reached skill level 1 in Shields
  6520 | D:10     | Identified the +12 short sword of the Sharing Gods {vamp,
                  | Int+2}
  6544 | D:10     | Reached ** piety under Qazlal
  6661 | D:11     | Noticed a gargoyle
  6667 | D:11     | Killed a gargoyle
  6706 | D:11     | Found a portal to a secret trove of treasure.
  6732 | D:11     | Noticed Maurice
  6739 | D:11     | Killed Maurice
  6913 | D:11     | Identified the +7 chain mail of Loerhig {Harm}
  6950 | D:11     | Reached XP level 11. HP: 65/65 MP: 14/14
  6960 | D:11     | Reached skill level 5 in Invocations
  6966 | D:11     | Reached skill level 11 in Ranged Weapons
  7027 | D:11     | Found a sparkling altar of Nemelex Xobeh.
  7172 | D:10     | Found Tuotud's Elemental Accessories.
  7323 | D:9      | Reached *** piety under Qazlal
  7397 | D:9      | Found a broken altar of Ashenzari.
  7807 | D:10     | Found a basalt altar of Yredelemnul.
  7861 | D:10     | Found an ornate altar of the Wu Jian Council.
  7861 | D:10     | Found a white marble altar of Elyvilon.
  7919 | D:10     | Found a runed translucent gate.
  7921 | D:10     | Found a runed translucent gate.
  7923 | D:10     | Found a runed translucent gate.
  7926 | D:10     | Noticed Newt's ghost (journeyman DsGl)
  7948 | D:10     | Killed Newt's ghost
  8392 | D:11     | Reached **** piety under Qazlal
  8468 | D:11     | Found a staircase to the Orcish Mines.
  8468 | D:11     | Noticed a two-headed ogre
  8476 | D:11     | Killed a two-headed ogre
  8477 | D:11     | Reached skill level 5 in Evocations
  8649 | D:12     | Noticed a boulder beetle
  8653 | D:13     | Noticed a centaur warrior
  8657 | D:13     | Killed a centaur warrior
  8658 | D:13     | Noticed a red ugly thing
  8663 | D:13     | Killed a red ugly thing
  8664 | D:13     | Reached skill level 12 in Ranged Weapons
  8675 | D:13     | Identified the +4 hand axe "Gepp" {freeze, rF+ Will+}
  8689 | D:13     | Noticed a boulder beetle
  8695 | D:13     | Noticed a white ugly thing
  8699 | D:13     | Killed a boulder beetle
  8708 | D:13     | Killed a white ugly thing
  8709 | D:13     | Reached XP level 12. HP: 21/72 MP: 15/17
  8768 | D:12     | Killed a boulder beetle
  8870 | D:12     | Noticed an ettin
  8876 | D:12     | Killed an ettin
  8876 | D:12     | HP: 1/73 [fire elemental[a deep elf pyromancer] (10)]
  9045 | D:12     | Noticed a two-headed ogre
  9106 | D:12     | Killed a two-headed ogre
  9175 | D:12     | Learned a level 2 spell: Blink
  9290 | D:12     | Reached skill level 1 in Translocations
  9479 | D:12     | Noticed a boulder beetle
  9501 | D:12     | Killed a boulder beetle
  9502 | D:12     | Reached skill level 5 in Shields
  9507 | D:12     | Reached skill level 13 in Ranged Weapons
  9507 | D:12     | Reached skill level 1 in Spellcasting
  9944 | D:12     | Noticed a catoblepas
  9953 | D:12     | Killed a catoblepas
 10550 | D:13     | Noticed a boulder beetle
 10572 | D:13     | Killed a boulder beetle
 10662 | D:13     | Noticed Sonja
 10676 | D:13     | Killed Sonja
 10677 | D:13     | Reached XP level 13. HP: 79/79 MP: 13/18
 10733 | D:13     | Identified the +9 short sword of Wealth {flame, rCorr}
 10757 | D:13     | Acquired a manual of Evocations
 10898 | D:14     | Found Olyogun's Armour Boutique.
 11858 | D:13     | Reached skill level 1 in Stealth
 11938 | D:15     | Entered Level 15 of the Dungeon
 12035 | D:14     | Noticed Josephine
 12048 | D:14     | Killed Josephine
 12253 | Lair:1   | Entered Level 1 of the Lair of Beasts
 12739 | D:14     | Found a gate to the Vaults.
 12874 | D:14     | Noticed Louise
 12901 | D:14     | Killed Louise
 12902 | D:14     | Reached skill level 14 in Ranged Weapons
 12952 | D:14     | Found Tunejug's Assorted Antiques.
 13046 | D:14     | Found Dudepnos's Weapon Shoppe.
 13063 | D:14     | Found Ijasij's Antique Armour Emporium.
 13072 | D:14     | Identified the +7 long sword "Naev" {flame, Int+2}
 13081 | D:14     | Bought a pair of runed boots for 277 gold pieces
 13081 | D:14     | Bought a glowing scarf for 296 gold pieces
 13677 | D:15     | Noticed a stone giant
 13679 | D:15     | Found a staircase to the Depths.
 13694 | D:15     | Killed a stone giant
 13695 | D:15     | Gained mutation: Your large and strong wings let you fly.
                  | [Gargoyle growth]
 13695 | D:15     | Reached XP level 14. HP: 86/86 MP: 20/20
 14507 | D:15     | Reached skill level 10 in Fighting
 15082 | Orc:1    | Entered Level 1 of the Orcish Mines
 15371 | Orc:1    | Noticed Snorg
 15440 | D:11     | Killed Snorg
 15441 | D:11     | Reached skill level 5 in Spellcasting
 16085 | Orc:1    | Noticed an orc warlord
 16094 | Orc:1    | Noticed an orc warlord
 16109 | Orc:1    | Reached skill level 5 in Translocations
 16356 | D:12     | Killed an orc warlord
 16647 | D:11     | Killed an orc warlord
 16890 | Orc:1    | Identified the amulet "Joypa" {RegenMP *Slow Regen+ rCorr
                  | Stlth+}
 17019 | Orc:1    | Got the Writings on Variation and Embers
 17022 | Orc:1    | Got Vehumet's Reference Book on Conjuring
 17149 | Orc:2    | Entered Level 2 of the Orcish Mines
 17176 | Orc:2    | Found a frozen archway.
 17203 | IceCv    | Entered an ice cave
 18296 | IceCv    | Reached skill level 1 in Short Blades
 18337 | IceCv    | Reached ***** piety under Qazlal
 18363 | IceCv    | Got the Teachings on Spellbinding and Conduction
 18652 | Orc:2    | Found a staircase to the Elven Halls.
 18841 | Orc:2    | Reached skill level 10 in Invocations
 19122 | Orc:2    | Reached XP level 15. HP: 69/93 MP: 23/23
 19282 | Orc:2    | Found Ofroci's Magic Scroll Emporium.
 19314 | Orc:2    | Found an ancient bone altar of Kikubaaqudgha.
 19317 | Orc:2    | Noticed Nergalle
 19342 | Orc:2    | Killed Nergalle
 19379 | Orc:2    | Found Urasuofi's Jewellery Shoppe.
 19398 | Orc:2    | Paralysed by something for 3 turns
 19715 | Orc:2    | Bought a scroll of silence for 161 gold pieces
 19715 | Orc:2    | Bought a scroll of enchant armour for 127 gold pieces
 19715 | Orc:2    | Bought a scroll of blinking for 127 gold pieces
 19759 | Orc:2    | Found a radiant altar of Vehumet.
 19823 | Orc:2    | Found Iluqyt's Distillery.
 19831 | Orc:2    | Bought a potion of heal wounds for 75 gold pieces
 19831 | Orc:2    | Bought a potion of heal wounds for 75 gold pieces
 19990 | Orc:2    | Gained mutation: You are clumsy. (Dex -2) [mutagenic glow]
 20029 | Orc:2    | Found Vyha's Antique Armour Emporium.
 20067 | Orc:2    | Bought the ring "Botwuthru" {Str+6 Int+5 Dex+4} for 866
                  | gold pieces
 20410 | Lair:1   | Identified the +5 dagger of Zexuskam {vorpal, Int+4}
 20622 | D:5      | Bought a scroll of brand weapon for 104 gold pieces
 20622 | D:5      | Bought a scroll of summoning for 104 gold pieces
 20622 | D:5      | Bought a scroll of enchant weapon for 82 gold pieces
 21127 | Lair:2   | Reached skill level 10 in Evocations
 21210 | Lair:2   | Reached skill level 5 in Axes
 21327 | Lair:2   | Noticed Harold
 21333 | Lair:2   | Killed Harold
 21787 | Lair:3   | Found a staircase to the Shoals.
 21880 | Lair:3   | Found a staircase to the Snake Pit.
 22959 | Lair:5   | Entered Level 5 of the Lair of Beasts
 23701 | Lair:5   | Reached skill level 10 in Armour
 23703 | Lair:5   | Identified the +1 helmet "Poenabis" {Dex+3}
 23842 | Lair:5   | Reached XP level 16. HP: 100/100 MP: 24/24
 23993 | Lair:5   | Reached ****** piety under Qazlal
 24480 | Lair:5   | Found a viscous altar of Jiyva.
 24480 | Lair:5   | Found a staircase to the Slime Pits.
 24525 | Lair:5   | Found a runed translucent door.
 25682 | Snake:1  | Entered Level 1 of the Snake Pit
 25686 | Snake:1  | Noticed Nikola
 25700 | Lair:3   | Killed Nikola
 25870 | Snake:1  | Noticed Jorgrun
 25888 | Snake:1  | Killed Jorgrun
 26093 | Snake:2  | Reached skill level 5 in Dodging
 26154 | Snake:3  | Noticed Saint Roka
 26167 | Snake:3  | Killed from afar by Saint Roka

Illustrated notes

Levels and vault maps discovered:
D:1:      dpeg_arrival_three_same_balls, layout_loops_cross,
          shapermc_ecumenical_altar_rom_forum, serial_bayou_ford_a,
          chequers_serial_rivers_micro_c
D:2:      layout_basic, corexii_hall_statues_t, grunt_ministairs_14,
          kennysheep_generic_room_7
D:3:      layout_loops_cross, okawaru_ov_weapons_minmay,
          nicolae_overflow_hidden_temple
D:4:      layout_loops_ring, mainiacjoe_overflow_cross_hatched
D:5:      layout_loops_ring, lemuel_round_altar, serial_shops, shop,
          shop_fountains, shop, nicolae_shop_competitors_out_of_business, shop,
          nicolae_elevator_lobby_asterisk
D:6:      layout_layer_cave, minmay_temple_entry_proselytizer, serial_shops,
          shop, shop, serial_park_tiny_1
D:7:      layout_gridville, uniq_maggie
D:8:      layout_loops_ring, mainiacjoe_overflow_surrounded_room,
          david_lair_shrubbed
D:9:      layout_long_grid, general_overflow_altar
D:10:     layout_basic, kennysheep_mini, gammafunk_temple_overflow_pools,
          ebering_ghost_rock_garden, nicolae_elemental_shop,
          hangedman_weighted_door
D:11:     layout_gridville, hiddenorc1_lemuel, nicolae_trove_entry_diagonal,
          nemelex_lonely_heart_becter, uniq_maurice
D:12:     nicolae_hexawheel, layout_basic, minmay_more_statues
D:13:     layout_long_grid, grunt_ogre_cave, minmay_orc_keep, uniq_sonja
D:14:     layout_basic, david_vaults_1, serial_shops,
          nicolae_shop_temple_entry_statues_fountains, kennysheep_mini_moat,
          shop, nicolae_shop_hallway_stairs, dreamdust_princess_corridor,
          uniq_josephine, uniq_louise
D:15:     grunt_enter_depths_giant_problem, layout_stronghold
Temple:   nicolae_temple_god_jail
Lair:1:   layout_misc_corridors, minivault_24, grunt_forest_large_clearing_hut
Lair:2:   layout_regular_city, guppyfry_lair_drakes, uniq_harold
Lair:3:   layout_regular_city, elwin_shoals_entry_stream, dummy_snake_entry,
          serial_bayou_shore_a
Lair:4:   layout_regular_city, beast_lair_carwin_4, lemuel_fruit_tree,
          infiniplex_staircase_pool_2
Lair:5:   hangedman_lair_caniforms_friends, layout_small_grid, wormcave,
          dpeg_slime_entry_enclosed, lemuel_fruit_fields,
          infiniplex_staircase_pool, lemuel_fruit_fields
Snake:1:  layout_misc_corridors, nicolae_snake_dead_anacondas, uniq_nikola,
          uniq_jorgrun
Snake:2:  layout_grid_maze
Snake:3:  layout_rooms, serial_shops, freezing_bzr, minmay_shoptagon,
          uniq_vashnia, uniq_saint_roka
Orc:1:    layout_caves, minmay_orc_treasury, uniq_snorg
Orc:2:    kennysheep_orc_mage_school, layout_caves,
          portal_ice_cave_entry_pillars_2

Skill      XL: |  1  2  3  4  5  6  7  8  9 10 11 12 13 14 15 16 |
---------------+-------------------------------------------------+-----
Axes           | 3 4 7 9 |  9.9
Throwing       | 2 |  2.0
Armour         | 1 2 3 4 5 6 7 8 9 10 | 10.5
Dodging        | 3 4 5 |  5.0
Ranged Weapons | 1 3 5 7 9 10 12 13 14 | 14.0
Fighting       | 3 4 5 6 7 8 9 10 11 | 11.6
Invocations    | 2 4 6 7 9 10 11 | 11.5
Evocations     | 2 4 5 6 7 9 10 11 | 11.3
Shields        | 3 4 5 7 8 9 |  9.9
Translocations | 2 4 5 |  5.6
Spellcasting   | 1 3 5 |  5.8
Stealth        | 1 |  1.0
Short Blades   | 1 2 |  2.5

Action                   |  1- 3 |  4- 6 |  7- 9 | 10-12 | 13-15 | 16-18 || total
-------------------------+-------+-------+-------+-------+-------+-------++-------
Melee: War axe           |   124 |       |       |       |       |       ||   124
       Punch             |     1 |       |       |       |       |       ||     1
       Broad axe         |       |       |       |       |   226 |   176 ||   402
       Short sword       |       |       |       |       |    49 |       ||    49
 Fire: Sling             |     1 |    67 |   210 |   446 |   809 |       ||  1533
Throw: Dart              |       |       |       |       |     5 |       ||     5
 Cast: Blink             |       |       |       |       |     7 |     1 ||     8
Invok: Elemental Force   |       |       |       |     3 |    10 |     4 ||    17
       Upheaval          |       |       |       |       |     1 |       ||     1
Evoke: Wand              |       |       |       |       |     2 |       ||     2
  Use: Scroll            |       |       |    21 |     7 |    17 |     2 ||    47
       Potion            |       |       |       |     2 |     1 |     2 ||     5
 Stab: Paralysed         |       |       |       |       |       |     1 ||     1
Armor: Leather armour    |     8 |       |       |       |       |       ||     8
       Ring mail         |    67 |    12 |    20 |       |       |       ||    99
       Plate armour      |       |       |     6 |       |       |       ||     6
       Chain mail        |       |       |    71 |   287 |   349 |   130 ||   837
Dodge: Dodged            |    89 |    19 |    84 |   110 |   220 |   102 ||   624
       Repelled          |       |       |       |     5 |       |     6 ||    11
Block: Buckler           |       |       |     7 |   163 |   627 |   267 ||  1064
       Reflection        |       |       |       |     6 |    26 |    26 ||    58

Table legend: (Time is in decaauts)
 A = Elapsed time spent in this place.
 B = Non-inter-level travel time spent in this place.
 C = Inter-level travel time spent in this place.
 D = Time resting spent in this place.
 E = Time spent auto-exploring this place.
 F = Levels seen in this place.
 G = Mean time per level.
                   A        B        C        D        E       F      G
               +--------+--------+--------+--------+--------+-----+--------+
         Total |  26599 |  25137 |   1462 |   3197 |  13545 |  27 |  985.1 |
       Dungeon |  16421 |  15262 |   1159 |   1708 |   8640 |  15 | 1094.7 |
        Temple |     47 |     47 |      0 |      0 |      7 |   1 |   47.0 |
          Lair |   5391 |   5144 |    247 |    334 |   3345 |   5 | 1078.2 |
     Snake Pit |    319 |    319 |      0 |      0 |     88 |   3 |  106.3 |
  Orcish Mines |   3051 |   2996 |     55 |    473 |   1181 |   2 | 1525.5 |
      Ice Cave |   1368 |   1368 |      0 |    682 |    284 |   1 | 1368.0 |
               +--------+--------+--------+--------+--------+-----+--------+

Top non-repeatable levels by time:
    D:12: 1984 daAuts
  Lair:5: 1811 daAuts
    D:11: 1724 daAuts
   Orc:1: 1602 daAuts
   Orc:2: 1449 daAuts
    D:15: 1426 daAuts
    D:13: 1402 daAuts
   IceCv: 1368 daAuts
    D:14: 1316 daAuts
     D:8: 1163 daAuts
    D:10: 1058 daAuts
     D:1: 997 daAuts
  Lair:3: 990 daAuts
     D:6: 984 daAuts
  Lair:1: 925 daAuts
